Map: 세룰리안 폴 - 래더

Players

Losira

  • Race: Zerg Zerg
  • League: Master
  • Spawn Location: 7:00

Classic - Winner!

  • Race: Protoss Protoss
  • League: Master
  • Spawn Location: 1:00

Event: IEM Season 13 - Katowice Server Qualifiers Asia 2

VOD

Have the link to the VOD?

Description

Time

  • Played on: Jan. 22, 2019, 4:26 a.m.
  • Length: 14:30

All games in this series

Show
View Real Time Build Order
Export as new Build Order

Losira Zerg 

Build Orders: Hatch First, Swarm Host 

Get SALT Encoding   

  12  0:01  Drone  
  13  0:12  Overlord  
  13  0:17  Drone  
  14  0:31  Drone  
  15  0:44  Hatchery  
  14  0:50  Drone  
  14  0:52  Drone  
  14  0:55  Drone  
  17  1:03  Drone  
  18  1:08  Extractor  
  17  1:17  Spawning Pool  
  17  1:18  Drone  
  17  1:27  Drone  
  18  1:37  Drone  
  19  1:49  Drone  
  20  1:55  Drone  
  20  1:56  Hatchery  
  20  1:57  Drone  
  21  2:06  Queen  
  23  2:13  Drone  
  24  2:15  Drone  
  24  2:18  Drone  
  26  2:24  Overlord  
  26  2:31  Drone x2  
  28  2:42  Queen, Zergling x4  
  32  2:47  Queen  
  32  2:49  Zergling x2  
  35  2:53  Drone  
  35  2:56  Metabolic Boost  
  36  3:08  Queen  
  36  3:09  Overlord  
  36  3:10  Drone  
  36  3:12  Drone  
  40  3:13  Drone  
  40  3:14  Drone  
  42  3:23  Overlord  
  42  3:29  Drone  
  42  3:30  Drone  
  42  3:33  Drone x2  
  46  3:34  Roach Warren, Extractor  
  46  3:35  Drone  
  45  3:43  Drone  
  45  3:45  Drone x3  
  45  3:46  Drone  
  50  3:51  Spore Crawler  
  50  3:53  Spore Crawler, Drone  
  50  3:54  Drone  
  50  3:56  Drone  
  50  3:59  Drone  
  52  4:03  Overlord  
  52  4:07  Spore Crawler  
  52  4:09  Overlord  
  51  4:13  Drone  
  52  4:28  Roach x8  
  68  4:32  Roach  
  68  4:35  Drone  
  68  4:36  Drone x2  
  73  4:41  Overlord  
  73  4:44  Drone  
  74  4:46  Lair  
  74  4:47  Evolution Chamber  
  73  4:53  Overlord  
  73  4:54  Drone  
  72  5:01  Zergling x14  
  78  5:09  Extractor, Drone x3  
  78  5:10  Drone  
  78  5:13  Zerg Missile Weapons Level 1  
  82  5:14  Drone  
  82  5:15  Drone x2  
  82  5:17  Extractor  
  82  5:19  Drone x2  
  85  5:21  Drone  
  85  5:24  Drone  
  85  5:26  Drone  
  88  5:32  Roach x2  
  87  5:35  Roach  
  87  5:38  Roach  
  87  5:41  Roach  
  87  5:42  Roach  
  82  5:43  Roach  
  82  5:44  Roach  
  82  5:46  Roach  
  82  5:47  Roach x3  
  87  5:52  Drone  
  87  5:53  Roach  
  90  6:00  Overlord x3  
  90  6:05  Extractor  
  89  6:15  Drone x3  
  89  6:16  Overlord  
  89  6:17  Extractor  
  89  6:19  Drone x3  
  89  6:20  Drone  
  89  6:21  Drone x4  
  89  6:24  Drone x3  
  100  6:27  Zergling x2  
  100  6:32  Roach  
  103  6:34  Infestation Pit  
  103  6:36  Roach x2  
  106  6:40  Roach x3  
  106  6:46  Drone  
  113  6:48  Overlord, Hatchery  
  113  6:51  Roach x2  
  116  6:55  Overlord  
  116  6:58  Glial Reconstitution  
  116  6:59  Overlord  
  116  7:07  Zergling x2  
  117  7:11  Overseer  
  117  7:14  Overseer  
  116  7:16  Roach  
  116  7:17  Roach x9  
  134  7:24  Ravager x3  
  134  7:25  Ravager  
  134  7:27  Spine Crawler  
  134  7:28  Spine Crawler  
  134  7:33  Drone x2  
  134  7:34  Drone  
  134  7:36  Ravager  
  138  7:37  Drone x3  
  138  7:39  Zergling x2  
  138  7:40  Zergling x8  
  138  7:41  Overlord  
  138  7:42  Overlord  
  145  7:47  Overlord, Baneling Nest  
  144  7:59  Ravager x2, Zergling x2  
  144  8:00  Zergling x8  
  144  8:05  Zergling x4  
  153  8:07  Zergling x10  
  153  8:11  Overlord  
  153  8:12  Zergling x2  
  158  8:13  Zergling x8  
  158  8:16  Zerg Missile Weapons Level 2  
  158  8:17  Zergling x2  
  124  8:43  Roach x10  
  124  8:44  Roach x3  
  143  8:51  Ravager  
  143  8:52  Ravager  
  143  8:53  Roach, Ravager  
  143  8:54  Roach x4  
  156  9:00  Roach  
  156  9:01  Roach  
  160  9:05  Queen  
  160  9:08  Hatchery  
  126  9:42  Swarm Host x14  
  166  9:46  Swarm Host  
  166  9:51  Swarm Host  
  170  9:59  Queen  
  170  10:02  Drone x3  
  170  10:03  Drone x2  
  177  10:10  Drone  
  177  10:12  Overlord x2, Nydus Network  
  177  10:13  Overlord  
  177  10:14  Overlord, Pneumatized Carapace  
  177  10:15  Overlord  
  177  10:19  Ravager  
  178  10:33  Extractor, Drone x2  
  178  10:34  Spore Crawler, Drone x2  
  178  10:35  Centrifical Hooks  
  180  10:36  Zergling x4  
  180  10:41  Zergling x4  
  184  10:49  Nydus Canal  
  184  10:56  Roach x9  
  197  11:12  Ravager x2  
  197  11:14  Overlord, Baneling x4  
  197  11:15  Baneling  
  197  11:16  Baneling x3  
  199  11:18  Zerg Ground Armor Level 1  
  193  11:35  Queen  
  193  11:39  Roach x6  
  197  11:41  Hatchery  
  192  11:57  Roach x4  
  198  12:02  Ravager  
  198  12:03  Spine Crawler  
  198  12:04  Spine Crawler  
  196  12:23  Roach  
  196  12:24  Roach  
  199  12:35  Roach x3  
  199  12:36  Roach x4  
  174  12:47  Roach x13  
  174  12:48  Roach  
  174  12:49  Roach x2  
  174  12:50  Roach  
  154  12:59  Roach x2  
  154  13:00  Roach  
  154  13:01  Roach  
  149  13:08  Roach  
  149  13:09  Roach Warren  
  149  13:11  Roach  
  129  13:21  Roach  
  129  13:24  Roach x3  
  120  13:34  Roach, Queen  
  122  13:36  Hatchery, Overseer  
  123  13:46  Ravager x10  
  123  13:47  Ravager x2  
  135  13:53  Roach  
  135  13:55  Roach  
  137  14:06  Roach  
Show
View Real Time Build Order
Export as new Build Order

Classic Protoss - Winner!

Build Orders: 1 Gate Expand, Oracle Opening, Phoenix Opening, Archon Immortal 

Get SALT Encoding   

  12  0:00  Probe  
  13  0:12  Probe  
  14  0:19  Pylon  
  14  0:24  Probe  
  15  0:33  Probe  
  15  0:42  Probe  
  16  0:43  Gateway  
  16  0:47  Assimilator  
  17  0:53  Probe  
  18  1:05  Probe  
  19  1:17  Probe  
  20  1:28  Nexus  
  20  1:29  Probe  
  21  1:39  Cybernetics Core  
  21  1:41  Probe  
  22  1:47  Assimilator  
  22  1:53  Pylon  
  22  1:57  Probe  
  23  2:06  Adept  
  23  2:11  Probe  
  26  2:20  Stargate  
  26  2:23  Probe  
  26  2:27  Warp Gate  
  27  2:32  Adept  
  27  2:34  Probe  
  27  2:35  Probe  
  29  2:42  Probe  
  29  2:44  Probe  
  33  2:51  Probe  
  33  2:54  Probe  
  33  2:57  Phoenix  
  35  3:03  Probe  
  38  3:06  Probe  
  39  3:14  Pylon  
  39  3:15  Probe  
  39  3:18  Probe  
  39  3:19  Oracle  
  44  3:27  Probe  
  44  3:30  Probe  
  46  3:36  Gateway x2  
  46  3:43  Probe x2  
  46  3:46  Twilight Council  
  48  3:53  Pylon  
  48  3:55  Probe x2  
  50  3:56  Assimilator  
  50  3:58  Assimilator  
  50  3:59  Adept  
  50  4:02  Resonating Glaives  
  52  4:07  Probe x2  
  52  4:08  Pylon  
  54  4:11  Robotics Facility  
  54  4:19  Probe x2  
  56  4:37  Adept x3  
  62  4:40  Pylon  
  62  4:51  Immortal  
  62  4:58  Adept x3  
  68  5:12  Pylon  
  68  5:13  Pylon  
  68  5:19  Adept x3  
  74  5:22  Immortal  
  74  5:43  Nexus  
  74  5:44  Pylon  
  74  5:45  Adept x3  
  76  5:51  Pylon  
  76  5:54  Forge  
  76  5:56  Probe  
  76  5:57  Probe  
  78  6:04  Immortal  
  82  6:11  Probe x2  
  84  6:14  Charge, Sentry x3  
  88  6:21  Protoss Ground Weapons Level 1  
  88  6:23  Probe x2  
  90  6:35  Probe x2  
  90  6:38  Gateway x2  
  92  6:41  Gateway  
  92  6:42  Sentry x2  
  92  6:43  Observer  
  92  6:44  Sentry  
  99  6:47  Probe  
  99  6:50  Probe, Pylon  
  101  7:03  Gateway, Warp Prism  
  101  7:05  Gateway  
  101  7:07  Probe  
  101  7:08  Templar Archives, Probe x2  
  106  7:24  Probe  
  106  7:25  Probe x2  
  109  7:36  Probe, Pylon  
  110  7:37  Probe x2, Pylon  
  110  7:41  Zealot  
  110  7:42  Zealot x5  
  124  7:45  Assimilator  
  124  7:48  Assimilator  
  124  7:58  Pylon  
  124  7:59  Pylon  
  124  8:00  Protoss Ground Weapons Level 2  
  124  8:04  Robotics Facility  
  124  8:12  Zealot x8  
  136  8:32  Zealot x2  
  133  8:40  Immortal  
  119  8:41  Zealot x6  
  133  9:03  Pylon  
  133  9:06  Immortal  
  133  9:07  Psionic Storm  
  133  9:09  High Templar  
  135  9:10  High Templar x3  
  135  9:15  Pylon  
  135  9:16  Pylon  
  141  9:18  Warp Prism  
  141  9:23  Archon, Zealot x3  
  147  9:28  Archon  
  113  9:39  Zealot  
  113  9:42  Immortal  
  113  9:43  Immortal  
  111  9:47  High Templar x4, Zealot x2  
  111  9:48  Zealot  
  125  9:59  Protoss Ground Armor Level 1  
  133  10:09  Immortal  
  133  10:10  Immortal  
  133  10:12  High Templar x2  
  137  10:16  Archon  
  137  10:17  Zealot x2  
  145  10:27  Nexus  
  149  10:28  Pylon  
  149  10:32  Zealot  
  151  10:38  Zealot  
  151  10:40  High Templar x2  
  151  10:41  Zealot x2  
  161  10:45  Photon Cannon  
  161  10:46  Archon  
  159  10:58  Immortal x2  
  167  11:20  Archon  
  163  11:25  Zealot x3  
  163  11:26  Zealot x5  
  163  11:29  Immortal x2  
  179  11:35  Probe x3  
  170  11:56  Zealot x5  
  170  11:59  Immortal x2  
  160  12:12  Zealot  
  160  12:13  Zealot x7  
  164  12:37  Zealot x3  
  164  12:38  Zealot x3  
  156  12:46  Archon  
  138  12:54  Warp Prism  
  138  12:55  Immortal, Stalker  
  143  13:12  High Templar x2  
  139  13:13  High Templar x5  
  133  13:29  Warp Prism  
  131  13:34  Immortal  
  131  13:36  Probe x4  
  139  13:43  High Templar, Photon Cannon  
  139  13:47  High Templar x3  
  139  13:48  High Templar  
  149  13:49  High Templar, Zealot  
  149  13:50  Archon, Zealot  
  149  13:51  Archon x2  

Tags
 
Add a new tag
Caveats
  • Supply blocks, unpowered buildings, or Contaminate may cause inaccurate times.
  • Supply counts are checked every 10 seconds.